Map: Blackburn LE

Players

Kelazhur - Winner!

  • Race: Terran Terran

SpeCial

  • Race: Terran Terran
  • League: Master

Event: DreamHack SC2 Masters 2021 Summer

VOD

Have the link to the VOD?

Description

Time

  • Played on: May 22, 2021, 3:33 p.m.
  • Length: 12:43

All games in this series

Show
View Real Time Build Order
Export as new Build Order

Kelazhur Terran - Winner!

Build Orders: Cyclone Opening 

Get SALT Encoding   

  12  0:00  SCV  
  13  0:12  SCV  
  14  0:17  Supply Depot  
  14  0:24  SCV  
  15  0:39  SCV, Barracks  
  16  0:43  Refinery  
  16  0:51  SCV  
  16  0:53  Refinery  
  17  1:03  SCV  
  18  1:15  SCV  
  19  1:26  Reaper  
  19  1:27  Orbital Command  
  20  1:35  Supply Depot  
  20  1:41  Factory  
  20  1:53  SCV  
  21  1:58  Reaper  
  22  2:05  SCV  
  23  2:18  SCV  
  24  2:24  Command Center  
  24  2:29  Factory Tech Lab  
  24  2:30  SCV  
  25  2:40  Starport  
  25  2:42  SCV  
  26  2:50  Cyclone  
  29  2:57  Supply Depot  
  29  2:58  SCV  
  30  3:05  Barracks Reactor  
  30  3:10  SCV  
  31  3:22  SCV, Cyclone  
  31  3:23  Refinery  
  35  3:30  Medivac  
  37  3:34  SCV  
  37  3:36  Orbital Command  
  38  3:43  Marine x2  
  38  3:46  SCV  
  41  3:57  Supply Depot  
  41  3:58  SCV  
  41  4:02  SCV  
  43  4:05  Factory Tech Lab  
  43  4:09  Raven  
  45  4:10  SCV  
  45  4:12  Marine x2  
  45  4:14  SCV  
  49  4:22  SCV  
  48  4:30  Marine x2, Siege Tank  
  53  4:34  SCV x2  
  53  4:37  Supply Depot  
  55  4:47  SCV  
  55  4:52  SCV  
  57  4:54  Raven  
  60  5:00  SCV, Marine x2  
  60  5:01  Supply Depot  
  60  5:04  SCV, Command Center  
  63  5:10  Siege Tank  
  63  5:12  SCV  
  67  5:16  SCV  
  68  5:26  SCV, Barracks  
  68  5:27  Barracks  
  69  5:29  Supply Depot  
  69  5:34  SCV  
  69  5:35  Refinery  
  70  5:41  SCV  
  71  5:50  SCV  
  71  5:54  Viking  
  71  5:55  SCV, Viking  
  71  6:01  Siege Tank  
  71  6:02  SCV  
  69  6:07  Marine  
  69  6:08  SCV  
  69  6:10  Stimpack  
  71  6:14  SCV  
  71  6:16  SCV  
  71  6:17  Engineering Bay  
  73  6:18  Engineering Bay  
  73  6:20  SCV  
  73  6:25  Barracks Reactor  
  74  6:26  SCV  
  74  6:30  Orbital Command  
  74  6:32  SCV  
  77  6:35  Barracks Reactor, Marine  
  77  6:36  Viking  
  77  6:38  Viking  
  77  6:39  SCV  
  82  6:44  SCV  
  83  6:50  Terran Infantry Weapons Level 1, Terran Infantry Armor Level 1  
  83  6:51  SCV  
  84  6:56  SCV  
  84  6:58  Siege Tank  
  84  7:00  SCV, Marine  
  90  7:02  Marine  
  90  7:03  Marine  
  90  7:06  SCV  
  90  7:08  Refinery x2  
  93  7:13  Marine x2, Barracks  
  93  7:14  SCV  
  96  7:16  Barracks  
  96  7:17  SCV  
  96  7:21  Marine x3  
  100  7:23  SCV  
  101  7:31  SCV, Marine, Medivac x2, Armory  
  105  7:37  SCV  
  105  7:39  Marine x3  
  105  7:40  SCV  
  106  7:45  SCV  
  106  7:51  Marine x2  
  107  7:52  Combat Shield  
  107  7:57  Supply Depot  
  107  7:58  Supply Depot  
  109  8:00  Siege Tank, Supply Depot  
  109  8:01  Barracks Reactor  
  109  8:02  Sensor Tower  
  109  8:04  Barracks Reactor  
  108  8:08  Viking x2  
  108  8:09  Marine, Marauder  
  115  8:15  Marine x2  
  115  8:19  SCV x3  
  120  8:23  Marine, Missile Turret  
  121  8:27  Marine  
  125  8:34  Siege Tank  
  125  8:38  Marine  
  125  8:39  Viking  
  125  8:40  Viking  
  125  8:41  Marine  
  114  8:57  Marine  
  114  8:58  Terran Infantry Weapons Level 2, Marine x7  
  114  8:59  Marine  
  122  9:04  Terran Infantry Armor Level 2  
  122  9:06  Siege Tank  
  122  9:09  Viking  
  78  9:10  Viking  
  129  9:18  Terran Vehicle Weapons Level 1, Supply Depot  
  129  9:20  Command Center  
  117  9:39  Viking x2  
  117  9:40  Marine x8  
  117  9:42  Siege Tank  
  127  9:49  Marine  
  123  10:01  Marine x2  
  123  10:04  Marine  
  123  10:05  Marine x2  
  123  10:07  Marine x3  
  123  10:09  Viking x2  
  130  10:16  Factory  
  130  10:19  Marine x2  
  132  10:22  Marine x3  
  132  10:23  Barracks Reactor  
  132  10:25  Sensor Tower, Marine  
  132  10:28  Marine  
  137  10:29  Siege Tank  
  137  10:30  Marine  
  137  10:35  Planetary Fortress  
  141  10:36  SCV x2  
  141  10:37  SCV  
  141  10:39  Medivac x2  
  141  10:41  Supply Depot  
  141  10:42  Marine x5, Supply Depot  
  149  10:48  SCV  
  149  10:49  SCV  
  156  10:50  SCV  
  156  10:52  Marine  
  157  10:59  Marine  
  157  11:01  SCV x2, Siege Tank  
  157  11:02  SCV  
  164  11:07  Marine x3  
  164  11:10  Siege Tank  
  168  11:17  Marine  
  168  11:24  Marine  
  161  11:26  Marine x8  
  161  11:33  Siege Tank  
  161  11:35  Marine  
  165  11:42  Marine  
  165  11:43  Marine, Barracks x2  
  165  11:45  Marine  
  160  11:49  Siege Tank  
  160  11:50  Marine  
  160  11:51  Marine x4  
  154  11:55  Marine  
  154  11:56  Marine  
  154  11:59  Medivac x2  
  154  12:00  Marine  
  161  12:01  Marine  
  161  12:02  Marine  
  161  12:05  Siege Tank  
  166  12:11  Command Center  
  142  12:17  Marine x7  
  142  12:18  Marine  
  142  12:19  Marine  
  142  12:20  Marine  
Show
View Real Time Build Order
Export as new Build Order

SpeCial Terran 

Build Orders: Cyclone Opening 

Get SALT Encoding   

  12  0:00  SCV  
  13  0:12  SCV  
  14  0:17  Supply Depot  
  14  0:24  SCV  
  15  0:38  SCV  
  15  0:41  Barracks  
  16  0:43  Refinery  
  16  0:51  SCV  
  16  0:53  Refinery  
  17  1:03  SCV  
  18  1:15  SCV  
  19  1:28  Reaper  
  19  1:29  Supply Depot, Orbital Command  
  20  1:42  Factory  
  20  1:54  SCV  
  20  2:00  Reaper  
  22  2:07  SCV  
  23  2:19  SCV  
  24  2:24  Command Center  
  24  2:28  Factory Tech Lab  
  24  2:31  SCV  
  24  2:33  Barracks Reactor  
  25  2:43  SCV  
  26  2:45  Supply Depot  
  26  2:47  Cyclone  
  29  2:55  SCV  
  29  2:58  Starport  
  30  3:07  SCV  
  30  3:10  Marine x2  
  33  3:19  SCV  
  34  3:21  Cyclone  
  34  3:26  Refinery  
  37  3:28  Marine x2  
  39  3:35  Medivac  
  39  3:36  SCV  
  42  3:42  Orbital Command  
  42  3:46  Marine x2  
  44  3:49  SCV  
  45  4:01  SCV  
  46  4:03  Marine x2  
  46  4:04  Factory Tech Lab  
  46  4:07  Supply Depot  
  48  4:10  SCV  
  48  4:13  SCV  
  48  4:15  Raven  
  52  4:22  SCV  
  52  4:23  Marine x2  
  47  4:32  Siege Tank  
  47  4:35  SCV x2  
  52  4:40  Marine  
  52  4:41  Marine  
  54  4:47  SCV x2  
  46  4:58  Marine x2  
  46  4:59  SCV x2, Raven  
  52  5:03  Command Center  
  52  5:04  Siege Tank  
  55  5:11  SCV, Supply Depot  
  55  5:13  SCV  
  57  5:16  Marine x2  
  59  5:22  Refinery  
  59  5:23  SCV  
  59  5:25  SCV  
  61  5:33  Supply Depot  
  61  5:34  Marine x2  
  64  5:35  SCV  
  64  5:37  SCV  
  64  5:38  Siege Tank  
  68  5:47  SCV  
  67  6:00  SCV  
  63  6:09  SCV  
  63  6:10  Siege Tank  
  66  6:12  SCV  
  66  6:13  Viking x2  
  66  6:16  Orbital Command  
  66  6:17  Barracks  
  66  6:18  Marine  
  72  6:23  SCV  
  72  6:24  Barracks  
  73  6:25  SCV  
  73  6:27  Stimpack  
  73  6:36  Marine  
  73  6:39  SCV  
  76  6:40  SCV  
  76  6:42  Siege Tank  
  76  6:43  Viking x2  
  83  6:49  Orbital Command  
  83  6:52  SCV x2  
  83  6:53  Marine  
  86  6:57  Orbital Command  
  86  6:59  Engineering Bay  
  86  7:00  Engineering Bay  
  85  7:04  SCV x2  
  87  7:11  Marine  
  87  7:12  Supply Depot, Viking  
  87  7:13  Viking, Supply Depot  
  87  7:15  Barracks Reactor  
  91  7:16  SCV x2, Barracks Reactor  
  91  7:21  Supply Depot  
  93  7:24  SCV  
  93  7:28  SCV x2  
  93  7:29  Marine  
  97  7:30  Terran Infantry Weapons Level 1, Terran Infantry Armor Level 1  
  97  7:36  SCV  
  96  7:40  SCV x2  
  96  7:42  Viking  
  96  7:43  Viking  
  100  7:47  Marine  
  100  7:49  SCV  
  102  7:52  SCV x2  
  102  7:53  Marine x4  
  102  7:54  Refinery x2  
  108  8:01  SCV  
  108  8:04  SCV  
  108  8:05  Marine  
  111  8:06  Combat Shield  
  111  8:14  SCV x2  
  111  8:16  Barracks  
  111  8:17  Barracks  
  113  8:20  Marine x4  
  113  8:22  Marine  
  113  8:23  Viking x2  
  113  8:26  Siege Tank  
  125  8:46  Marine x5  
  121  8:54  SCV x2  
  101  8:57  Medivac x2  
  102  9:03  SCV  
  102  9:04  Marine x5  
  102  9:05  Sensor Tower  
  102  9:06  Barracks Reactor x2  
  102  9:09  Siege Tank  
  111  9:18  Armory  
  111  9:22  Marine x5  
  111  9:23  Armory  
  116  9:37  Viking x2  
  106  9:39  Marine x5  
  106  9:41  Siege Tank  
  106  9:42  Marine x3  
  106  9:43  Marine  
  112  9:57  Marine x5  
  114  10:00  Marine x4  
  117  10:12  Medivac x2  
  117  10:13  Siege Tank  
  124  10:15  Marine  
  125  10:23  Marine x2  
  125  10:39  Marine x7  
  125  10:41  Marine  
  133  10:52  Command Center  
  133  11:01  Marine  
  133  11:02  Factory  
  133  11:06  Barracks Reactor  
  133  11:08  Medivac  
  133  11:09  Marine x2  
  133  11:11  Marine  
  133  11:12  Marine  
  133  11:14  Marine x2  
  133  11:15  Marine, Medivac  
  132  11:18  Marine  
  132  11:20  Siege Tank  
  126  11:27  SCV, Marine x2  
  126  11:29  Marine  
  126  11:30  Marine  
  126  11:32  Marine x2  
  120  11:33  Marine  
  120  11:36  Marine  
  123  11:45  Marine x2  
  123  11:46  SCV x2, Marine  
  107  11:47  SCV, Marine x2  
  107  11:48  Marine  
  107  11:50  Marine x3  
  107  11:52  Siege Tank  
  109  11:54  Marine  
  109  11:55  Siege Tank  
  109  11:58  SCV x2  
  109  11:59  SCV  
  109  12:00  Medivac  
  116  12:02  Medivac  
  116  12:03  Marine x2  
  116  12:04  Marine  
  116  12:05  Marine x2  
  116  12:06  Marine  
  116  12:07  Marine  
  125  12:08  Marine  
  125  12:09  Marine  
  125  12:10  SCV  
  125  12:12  Marine  
  125  12:13  SCV  
  120  12:21  Marine x2  
  120  12:22  Marine  
  103  12:23  Marine x2  
  103  12:24  Marine  
Tags
 
Add a new tag
Caveats
  • Supply blocks, unpowered buildings, or Contaminate may cause inaccurate times.
  • Supply counts are checked every 10 seconds.